 Dungeon Crawl Stone Soup version 0.22-a0-469-gf26638a (webtiles) character file.

182 DrEnzyme the Skirmisher (level 5, -4/39 HPs)
             Began as an Octopode Wanderer on June 11, 2018.
             Killed from afar by an orc wizard (9 damage)
             ... with a puff of flame
             ... on level 4 of the Dungeon.
             The game lasted 00:11:48 (3732 turns).

DrEnzyme the Skirmisher (Octopode Wanderer)         Turns: 3732, Time: 00:11:49

Health: -4/39      AC:  1    Str: 11    XL:     5   Next: 62%
Magic:  6/6        EV: 15    Int: 19    God:
Gold:   175        SH:  0    Dex:  8    Spells: 4/4 levels left

rFire    . . .     SeeInvis .     - Unarmed
rCold    + + .     Gourm    .   (no shield)
rNeg     . . .     Faith    .   (helmet restricted)
rPois    .         Spirit   .   (no amulet)
rElec    .         Reflect  .   o - +2 ring of evasion
rCorr    .         Harm     .   (no ring)
MR       .....                  (no ring)
Stlth    ++........             (no ring)
HPRegen  0.13/turn              (no ring)
MPRegen  0.10/turn              (no ring)
                                (no ring)
                                (no ring)

@: no status effects
A: almost no armour, stealthy swim, amphibious, 8 rings, constrict 8, camouflage
1, cold resistance 2, sense surroundings 1, gelatinous body 1
a: no special abilities


You were on level 4 of the Dungeon.
You were not hungry.

You visited 1 branch of the dungeon, and saw 4 of its levels.

You collected 175 gold pieces.

Inventory:

Hand Weapons
 a - a +2 shortbow
 k - a -1 dagger
Missiles
 b - 58 arrows
Jewellery
 g - an uncursed ring of poison resistance
 o - a +2 ring of evasion (left tentacle)
Wands
 d - a wand of random effects (15)
Scrolls
 e - a scroll of enchant weapon {unknown}
Potions
 j - a potion of haste {unknown}
 l - a potion of agility
 m - a potion of flight
 n - a potion of brilliance
Comestibles
 f - 5 rations


   Skills:
 + Level 5.0 Fighting
 - Level 1.3 Short Blades
 - Level 3.4 Bows
   Level 1.0 Crossbows
 + Level 2.6 Dodging
 + Level 1.8 Unarmed Combat
 - Level 2.1 Evocations


You had 4 spell levels left.
You didn't know any spells.
Your spell library was empty.

Dungeon Overview and Level Annotations

Branches:
Dungeon (4/15)
 Temple: D:4-7

Altars:
Xom

Annotations:
D:2 exclusion: downstairs
D:3 2 transporters, Sigmund; bombasticus's ghost, amateur GrFi


Innate Abilities, Weirdness & Mutations

You cannot wear most types of armour.
You are very stealthy in the water. (Stealth+)
You are amphibious.
You can wear up to eight rings at the same time.
You can use your tentacles to constrict eight enemies at once.
Your skin changes colour to match your surroundings (Stealth+).
Your rubbery body absorbs attacks. (AC +1, EV +1)
Your flesh is very cold resistant. (rC++)
You passively map a small area around you.


Message History

* * * LOW HITPOINT WARNING * * *
You feel better. Something hits you.
You miss something. Something hits you.
* * * LOW HITPOINT WARNING * * *
You closely miss something.
You hear some strange, mumbled words.
A puff of flame appears from out of thin air!
The puff of flame misses you.
You tentacle-slap something. Your squeeze misses something. Something hits you.
* * * LOW HITPOINT WARNING * * *
You barely miss something.
You hear some strange, mumbled words.
A magic dart appears from out of thin air!
The magic dart hits you!
* * * LOW HITPOINT WARNING * * *
You tentacle-slap something.
You hear some strange, mumbled words.
A puff of flame appears from out of thin air!
The puff of flame hits you!
You die...

* * .#.. , , ######....
#...l..#, *#........ #...(...
* #........, .. ...o...
#.....#.###..#** .o...# ,
*.....#.##..# *#.o..# <, ,
##..###.##.### #...# ,
###..##[.......#####...# * *
##...#......(...@{.))...####
,
.......#........####........#
.......#........#
#........#*,
.......#........# #........#
.......#..>.....# #........#
* .......#........#
#........# .......##########
#........# ########
##########


There were no monsters in sight!

Vanquished Creatures
  3 gnolls (D:3)
  4 adders (D:2)
  2 oozes
  An adder skeleton (D:3)
  3 worms
  2 dart slugs
  3 leopard geckos
  8 orcs
  10 bats
  A giant cockroach (D:2)
  6 goblins
  7 hobgoblins
  5 jackals
  11 kobolds
  2 quokkas
  10 frilled lizards
  8 rats
86 creatures vanquished.

Notes
Turn   | Place    | Note
-------+----------+-------------------------------------------
     0 | D:1      | DrEnzyme the Octopode Wanderer began the quest for the Orb.
     0 | D:1      | DrEnzyme set off with: a +2 shortbow, 26 arrows, a potion of curing, a wand of random effects (15), a ration
     0 | D:1      | Reached XP level 1. HP: 17/17 MP: 2/2
   138 | D:1      | Reached XP level 2. HP: 19/22 MP: 3/3
   174 | D:1      | Reached skill level 1 in Dodging
   464 | D:1      | Found a shimmering altar of Xom.
   758 | D:1      | Reached XP level 3. HP: 24/27 MP: 4/4
  1035 | D:2      | Gained mutation: Your flesh is cold resistant. (rC+) [potion of mutation]
  1035 | D:2      | Gained mutation: Your flesh is very cold resistant. (rC++) [potion of mutation]
  1035 | D:2      | Gained mutation: You passively map a small area around you. [potion of mutation]
  1318 | D:2      | Reached skill level 1 in Short Blades
  1458 | D:2      | Reached XP level 4. HP: 33/34 MP: 5/5
  2285 | D:2      | Reached skill level 1 in Unarmed Combat
  2492 | D:3      | Reached XP level 5. HP: 38/38 MP: 6/6
  2544 | D:3      | Noticed bombasticus's ghost (amateur GrFi)
  3204 | D:3      | Found a transporter.
  3242 | D:3      | Found a transporter.
  3275 | D:3      | Noticed Sigmund
  3293 | D:3      | Reached skill level 5 in Fighting
  3732 | D:4      | Killed from afar by an orc wizard

Vault maps used:
D:1:      minmay_arrival_radiant_lines, xom_teletrap_fun
D:2:      kennysheep_six_static_rooms, first_ration
D:3:      gammafunk_wand_slinger, okawaru_altar_gauntlet_db, uniq_sigmund
D:4:      hangedman_decor_push, uniq_edmund

Skill      XL: |  1  2  3  4  5 |
---------------+----------------+-----
Dodging        | 1 2 |  2.6
Short Blades   | 1 |  1.3
Unarmed Combat | 1 |  1.8
Fighting       | 5 |  5.0
Bows           | |  3.4
Crossbows      | |  1.0
Evocations     | |  2.1

Action                   |  1- 3 |  4- 6 || total
-------------------------+-------+-------++-------
Melee: Dagger            |    43 |       ||    43
       Constrict         |    11 |    28 ||    39
       Tentacles         |     7 |    14 ||    21
       Unarmed           |     3 |   117 ||   120
       Punch             |       |     1 ||     1
 Fire: Shortbow          |    50 |    55 ||   105
  Use: Scroll            |     5 |     6 ||    11
       Potion            |     1 |     2 ||     3
 Stab: Sleeping          |     1 |     3 ||     4
  Eat: Chunk             |     2 |     5 ||     7
       Ration            |       |     1 ||     1
Armor: Skin              |     9 |    11 ||    20
Dodge: Dodged            |    67 |   104 ||   171

Table legend:
 A = Spawn XP
 B = Non-spawn XP
 C = Spawn XP percentage of total XP
 D = Spawn monster count
 E = Non-spawn monster count
 F = Spawn count percentage of total count
 G = Total turns spent on level
                    A         B        C        D         E        F      G
               +---------+---------+-------+---------+---------+-------+---------
         Total |       0 |     261 |   0.0 |       0 |      86 |   0.0 |  3732
               +---------+---------+-------+---------+---------+-------+---------
           D:1 |       0 |      34 |   0.0 |       0 |      18 |   0.0 |   938
           D:2 |       0 |     115 |   0.0 |       0 |      35 |   0.0 |  1603
           D:3 |       0 |     100 |   0.0 |       0 |      29 |   0.0 |  1031
           D:4 |       0 |      12 |   0.0 |       0 |       4 |   0.0 |   160
               +---------+---------+-------+---------+---------+-------+---------
